 Dungeon Crawl Stone Soup version 0.18.1-48-g4cf74bf (webtiles) character file.

7 glosham the Ducker (level 1, -3/11 HPs)
             Began as a Spriggan Abyssal Knight on Sept 1, 2016.
             Was a Follower of Lugonu.
             Slain by a small abomination (7 damage)
             ... on level 2 of the Abyss.
             The game lasted 00:04:40 (244 turns).

glosham the Ducker (Spriggan Abyssal Knight)         Turns: 244, Time: 00:04:41

Health: -3/11      AC:  2    Str:  6 (8)  XL:     1   Next: 83%
Magic:  0/3        EV: 18    Int: 10 (13) God:    Lugonu [*.....]
Gold:   50         SH:  0    Dex: 12 (15) Spells: 0 memorised, 0 levels left

rFire  . . .     SeeInvis +     a - +7 flail of Buawatz {elec, +Fly}
rCold  . . .     Gourm    .     f - +0 robe
rNeg   . . .     Faith    .     (shield restricted)
rPois  .         Spirit   +     (helmet restricted)
rElec  .         Dismiss  .     (no cloak)
rCorr  .         Reflect  .     (gloves unavailable)
SustAt .         Harm     .     (boots unavailable)
MR     .....                    z - amulet of guardian spirit
Stlth  ++........               (no ring)
                                (no ring)

@: very quick, not resistant to hostile enchantments, unstealthy
A: unfitting armour, see invisible, herbivore 3, speed 3, slow metabolism 2
a: Depart the Abyss, Renounce Religion, Evoke Flight


You were on level 2 of the Abyss.
You worshipped Lugonu.
Lugonu was aware of your devotion.
You were not hungry.

You visited 0 branches of the dungeon, and saw 0 of its levels.
You visited the Abyss 1 time.

You collected 50 gold pieces.

Inventory:

Hand Weapons
 a - the +7 flail of Buawatz (weapon) {elec, +Fly}
   (You found it on level 2 of the Abyss)

   Occasionally, upon striking a foe, it will discharge some electrical energy
   and cause terrible harm.
   It lets you fly.
 b - a +1 short sword
 d - a +5 hand axe of flaming
Armour
 f - a +0 robe (worn)
Jewellery
 z - an amulet of guardian spirit (around neck)
Comestibles
 c - a bread ration


   Skills:
 - Level 2.4 Fighting
 - Level 2.1 Short Blades
 - Level 3.5 Dodging
 + Level 2.5 Stealth
 - Level 1.7 Invocations


You couldn't memorise any spells.
You didn't know any spells.

Dungeon Overview and Level Annotations

Branches:
Dungeon (0/15)

Altars:


Innate Abilities, Weirdness & Mutations

You are tiny and cannot use many weapons and most armour.
You have supernaturally acute eyesight.
You are a herbivore.
You cover ground extremely quickly.
You need consume almost no food.


Message History

A raiju comes into view.
An ufetubus comes into view.
The ufetubus moves out of view.
A starcursed mass comes into view.
Found a glowing hand axe.
The ufetubus shouts!
You see here a glowing hand axe.
d - a glowing hand axe A starcursed mass splits.
A thrashing horror comes into view.
Found 22 gold pieces.
You see here 22 gold pieces.
You now have 50 gold pieces (gained 22).
Found a scroll labeled TIYGAE JYRAO.
A tentacled starspawn and a small abomination come into view.
You see here a scroll labeled TIYGAE JYRAO.
e - a scroll labeled TIYGAE JYRAO A starspawn tentacle comes into view.
The starspawn tentacle misses you.
A starspawn tentacle comes into view.
A tentacle flies out from the starspawn's body!
A starspawn tentacle comes into view.
A tentacle flies out from the starspawn's body!
A starspawn tentacle comes into view.
A small abomination comes into view.
The small abomination moves out of view.
A tormentor comes into view.
The tormentor moves out of view.
Found 24 stones.
You feel yourself growing ill in the presence of the ancient zyme.
An ancient zyme comes into view.
A small abomination comes into view.
Read which item? (? for menu, Esc to quit)
As you read the scroll labeled TIYGAE JYRAO, it crumbles to dust.
It is a scroll of identify.
Identify which item? (\ to view known items) (? for menu, Esc to quit)
d - a +5 hand axe of flaming The small abomination hits you!
Ouch! That really hurt!
You die...

. . #.# ..# . ... . 5
..##...#.##.##..#....#
.# ..#.##.# #..#.....
#. . ...( ##.........
..# ## .#.#.##x#......
. .#. .
.#..#...######. # . .
.. ###..# . .. .# .
####..#...##
#.@..#..#..... #.x###
#.#.# #...#.#.###.
#####. .# ... .. ..
##.# #. .. .. #.


You could see an ancient zyme and a small abomination.

Vanquished Creatures
  A white imp (Abyss:2)
1 creature vanquished.

Vanquished Creatures (others)
  6 starspawn tentacles (Abyss:2)
6 creatures vanquished.

Grand Total: 7 creatures vanquished

Notes
Turn   | Place    | Note
--------------------------------------------------------------
     0 | Abyss:1  | glosham the Spriggan Abyssal Knight began the quest for the Orb.
     0 | Abyss:1  | Reached XP level 1. HP: 11/11 MP: 3/3
    77 | Abyss:2  | Found a corrupted altar of Lugonu.
    84 | Abyss:2  | Got a fine flail
    85 | Abyss:2  | Identified the +7 flail of Buawatz {elec, +Fly} (You found it on level 2 of the Abyss)
   100 | Abyss:2  | HP: 1/11 [white imp/puff of frost (10)]
   101 | Abyss:2  | Reached skill level 2 in Stealth
   106 | Abyss:2  | Noticed a starcursed mass
   106 | Abyss:2  | Noticed a large abomination
   112 | Abyss:2  | Noticed a quasit
   116 | Abyss:2  | Noticed a raiju
   124 | Abyss:2  | Noticed a starcursed mass
   144 | Abyss:2  | Noticed a thrashing horror
   166 | Abyss:2  | Noticed a tentacled starspawn
   166 | Abyss:2  | Noticed a small abomination
   188 | Abyss:2  | Noticed a small abomination
   200 | Abyss:2  | Noticed a tormentor
   230 | Abyss:2  | Noticed an ancient zyme
   233 | Abyss:2  | Noticed a small abomination
   244 | Abyss:2  | Slain by a small abomination

Skill      XL: |  1 |
---------------+----+-----
Stealth        | 2 |  2.5
Fighting       | |  2.4
Short Blades   | |  2.1
Dodging        | |  3.5
Invocations    | |  1.7

Action                   || total
-------------------------++-------
Melee: Flail             ||     1
  Use: Scroll            ||     1
       Potion            ||     1
Dodge: Dodged            ||     1

Table legend:
 A = Turns spent in this place as a percentage of turns spent in the entire game.
 B = Non-inter-level travel turns spent in this place as a percentage of non-inter-level travel turns spent in the entire game.
 C = Inter-level travel turns spent in this place as a percentage of turns spent in this place.
 D = Turns resting spent in this place as a percentage of non-inter-level travel turns spent in this place.
 E = Turns spent auto-exploring this place as a percentage of non-inter-level travel turns spent in this place.
 F = Non-inter-level travel turns spent in this place divided by the number of levels of this place that you've seen.
                   A       B       C       D       E      F
               +-------+-------+-------+-------+-------+----------------------
         Total | 100.0 | 100.0 |   0.0 |   0.0 |   0.0 | 126.0
         Abyss | 100.0 | 100.0 |   0.0 |   0.0 |   0.0 | 126.0
               +-------+-------+-------+-------+-------+----------------------

Table legend:
 A = Kills in this place as a percentage of kills in entire the game.
 B = Kills by you in this place as a percentage of kills by you in the entire game.
 C = Kills by friends in this place as a percentage of kills by friends in the entire game.
 D = Other kills in this place as a percentage of other kills in the entire game.
 E = Experience gained in this place as a percentage of experience gained in the entire game.
 F = Experience gained in this place divided by the number of levels of this place that you have seen.
                   A       B       C       D       E      F
               +-------+-------+-------+-------+-------+----------------------
         Total | 100.0 | 100.0 |  -nan |  -nan | 100.0 |   5.0
         Abyss | 100.0 | 100.0 |  -nan |  -nan | 100.0 |   5.0
               +-------+-------+-------+-------+-------+----------------------

Vault maps used:
